 Dungeon Crawl Stone Soup version 0.18.1-50-g88ac8fd (webtiles) character file.

224 varam the Sneak (level 5, -12/24 HPs)
             Began as a Spriggan Enchanter on Oct 10, 2016.
             Was an Initiate of Gozag.
             Mangled by a mummy (17 damage)
             ... in an ossuary.
             The game lasted 00:15:14 (4996 turns).

varam the Sneak (Spriggan Enchanter)                Turns: 4996, Time: 00:15:14

Health: -12/24     AC:  3    Str:  7    XL:     5   Next: 67%
Magic:  6/10       EV: 18    Int: 18    God:    Gozag
Gold:   484        SH:  0    Dex: 16    Spells: 3 memorised, 3 levels left

rFire  . . .     SeeInvis +     u - +3 short sword "Reawugh" {drain, rC+ Str+3}
rCold  + . .     Gourm    .     b - +1 robe
rNeg   . . .     Faith    .     (shield restricted)
rPois  .         Spirit   .     (helmet restricted)
rElec  .         Dismiss  .     (no cloak)
rCorr  .         Reflect  .     (gloves unavailable)
SustAt .         Harm     .     (boots unavailable)
MR     .....                    (no amulet)
Stlth  ++++......               (no ring)
                                (no ring)

@: gold aura, very quick, not resistant to hostile enchantments, stealthy
A: unfitting armour, see invisible, herbivore 3, speed 3, slow metabolism 2
a: Potion Petition, Call Merchant, Bribe Branch, Renounce Religion


You were in an ossuary.
You worshipped Gozag.
Gozag was noncommittal.
You were not hungry.

You visited 1 branch of the dungeon, and saw 4 of its levels.
You also visited: Ossuary.

You collected 505 gold pieces.
You paid 21 gold pieces to Gozag.

Inventory:

Hand Weapons
 a - a +1 dagger
 f - a +0 short sword
 r - a +0 dagger of freezing
 u - the +3 short sword "Reawugh" (weapon) {drain, rC+ Str+3}
   (You found it on level 4 of the Dungeon)

   A truly terrible weapon, it drains the life of those it strikes.
   It affects your strength (+3).
   It protects you from cold.
Armour
 b - a +1 robe (worn)
Jewellery
 i - an uncursed amulet of the gourmand {unknown}
 l - a +4 ring of evasion {unknown}
 p - a cursed -2 ring of dexterity {unknown}
Scrolls
 g - a scroll of identify
 j - 2 scrolls of remove curse {unknown}
 s - a scroll of magic mapping {unknown}
 t - a scroll of amnesia {unknown}
Potions
 e - a potion of heal wounds {unknown}
 h - 2 potions of curing {unknown}
 k - a potion of might {unknown}
 m - 3 potions of flight {unknown}
 n - a potion of ambrosia {unknown}
 o - a potion of resistance {unknown}
 q - a potion of cure mutation {unknown}
Books
 c - a book of Maledictions

   Spells                             Type                      Level
   a - Corona                         Hexes                        1
   b - Ensorcelled Hibernation        Hexes/Ice                    2
   c - Confuse                        Hexes                        3
   d - Tukima's Dance                 Hexes                        3
   e - Dazzling Spray                 Conjuration/Hexes            3
Comestibles
 d - 2 bread rations


   Skills:
 + Level 4.3 Short Blades
 - Level 3.0 Dodging
 + Level 7.8 Stealth
 - Level 2.6 Spellcasting
 - Level 3.6 Hexes


You had 3 spell levels left.
You knew the following spells:

 Your Spells              Type           Power        Failure   Level  Hunger
a - Ensorcelled Hibernat  Hex/Ice        #.....       14%         2    ##.....
b - Corona                Hex            ###....      4%          1    #......
c - Confuse               Hex            ###.....     14%         3    ###....


Dungeon Overview and Level Annotations

Branches:
Dungeon (4/15)
 Temple: D:4-7

Altars:
Gozag


Innate Abilities, Weirdness & Mutations

You are tiny and cannot use many weapons and most armour.
You have supernaturally acute eyesight.
You are a herbivore.
You cover ground extremely quickly.
You need consume almost no food.


Message History

You sense an unholy aura.
u - the +3 short sword "Reawugh" (weapon)
{drain, rC+ Str+3} The adder zombie bites you but does no damage.
You hit the goblin zombie. The adder zombie closely misses you.
The goblin zombie closely misses you. The adder zombie barely misses you.
You barely miss the goblin zombie. The adder zombie barely misses you.
The mummy hits you but does no damage. The adder zombie completely misses you.
The goblin zombie hits you.
* * * LOW HITPOINT WARNING * * *
You hit the goblin zombie.
You destroy the goblin zombie!
The adder zombie misses you.
The elf zombie is distracted by the nearby gold.
The orc zombie hits you.
* * * LOW HITPOINT WARNING * * *
The adder zombie bites you but does no damage.
The mummy hits you!
Ouch! That really hurt!
You die...
Your body crumbles into a pile of gold.

######################
#.....Z...∩∩$..Z@ZZ..#
#...........$...MZ.Z.#
#...##############ZZ.#
#...# #Z..# #...#
#ZZ.# #...#
....+####...# #...#
#.∩.....#M..# #...#
#.......#...# #...#
#.......#...#


You could see a mummy, 4 adder zombies, a jackal zombie, a kobold zombie, an orc
zombie, an elf zombie (unaware) and a centaur zombie.

Vanquished Creatures
  A hound (D:4)
  A worker ant (D:4)
  A gnoll (D:1)
  4 adders
  2 oozes
  3 worms
  3 dart slugs
  4 giant geckos
  4 orcs (D:3)
  4 ball pythons
  4 giant cockroaches
  5 hobgoblins
  7 jackals
  12 kobolds
  9 bats
  A giant gecko skeleton (D:3)
  5 giant newts
  3 goblins
  A goblin zombie (Ossuary)
  2 hobgoblin zombies (Ossuary)
  2 jackal zombies (Ossuary)
  8 kobold zombies (Ossuary)
  10 orc zombies (Ossuary)
  7 rats
103 creatures vanquished.

Vanquished Creatures (others)
  4 plants (D:1)
4 creatures vanquished.

Grand Total: 107 creatures vanquished

Notes
Turn   | Place    | Note
--------------------------------------------------------------
     0 | D:1      | varam the Spriggan Enchanter began the quest for the Orb.
     0 | D:1      | Reached XP level 1. HP: 9/9 MP: 5/5
   688 | D:1      | Reached XP level 2. HP: 5/13 MP: 4/6
   712 | D:1      | Learned a level 2 spell: Ensorcelled Hibernation
   906 | D:1      | Reached skill level 5 in Stealth
  1063 | D:1      | Reached XP level 3. HP: 16/16 MP: 0/8
  1426 | D:1      | Learned a level 3 spell: Confuse
  1587 | D:1      | Reached skill level 6 in Stealth
  1914 | D:2      | Found an opulent altar of Gozag.
  1963 | D:2      | Became a worshipper of Gozag Ym Sagoz the Greedy
  2136 | D:2      | Reached XP level 4. HP: 21/21 MP: 7/9
  2989 | D:3      | Reached skill level 7 in Stealth
  3560 | D:3      | Reached XP level 5. HP: 23/24 MP: 0/10
  4236 | D:4      | Got a crystal short sword
  4271 | D:4      | Found a sand-covered staircase.
  4276 | Ossuary  | Entered an ossuary
  4991 | Ossuary  | Identified the +3 short sword "Reawugh" {drain, rC+ Str+3} (You found it on level 4 of the Dungeon)
  4996 | Ossuary  | Mangled by a mummy

Skill      XL: |  1  2  3  4  5 |
---------------+----------------+-----
Stealth        | 5 6 7 |  7.8
Short Blades   | 2 3 4 |  4.3
Dodging        | |  3.0
Spellcasting   | |  2.6
Hexes          | |  3.6

Action                   |  1- 3 |  4- 6 || total
-------------------------+-------+-------++-------
Melee: Dagger            |    98 |   232 ||   330
       Short sword       |       |     7 ||     7
 Cast: Corona            |     9 |     6 ||    15
       Ensorcelled Hiber |    22 |    15 ||    37
       Confuse           |     2 |    27 ||    29
  Use: Scroll            |       |     1 ||     1
 Stab: Sleeping          |    24 |    22 ||    46
       Confused          |     1 |     7 ||     8
  Eat: Bread ration      |       |     1 ||     1
       Royal jelly       |       |     1 ||     1
Armor: Robe              |    16 |    26 ||    42
Dodge: Dodged            |    90 |   132 ||   222
